 Dungeon Crawl Stone Soup version 0.29-a0-284-gf9362112df (webtiles) character file.

Game seed: 18326038273493273036

138 spaghetti the Covert (level 5, 0/46 HPs)
             Began as a Deep Dwarf Delver on Mar 31, 2022.
             Slain by a gnoll sergeant
             ... wielding a +4 spear of flaming
              (5 damage)
             ... on level 5 of the Dungeon.
             The game lasted 00:01:23 (399 turns).

spaghetti the Covert (Deep Dwarf Delver)             Turns: 399, Time: 00:01:23

Health: 0/46       AC:  3    Str: 16    XL:     5   Next: 1%
Magic:  5/5        EV: 12    Int: 10    God:
Gold:   31         SH:  0    Dex: 16    Spells: 4/4 levels left

rFire   . . .      SeeInvis .   h - +7 mace of Doom {drain, *Noise rElec rN+, mace}
rCold   . . .      Faith    .   (no shield)
rNeg    + . .      Spirit   .   b - +0 leather armour
rPois   .          Reflect  .   (no helmet)
rElec   +          Harm     .   (no cloak)
rCorr   .          Rampage  .   (no gloves)
Will    .....                   (no boots)
Stlth   ++++......              (no amulet)
HPRegen 0.00/turn               (no ring)
MPRegen 0.09/turn               (no ring)

@: no status effects
A: damage resistance, heal wounds, sense surroundings 1, no regeneration
a: Heal Wounds


You were on level 5 of the Dungeon.
You visited 1 branch of the dungeon, and saw 3 of its levels.

You collected 31 gold pieces.


Innate Abilities, Weirdness & Mutations

You are resistant to damage.
You can heal yourself by infusing magical energy.
You passively map a small area around you.
You do not regenerate.


   Skills:
 - Level 2.6 Fighting
 - Level 1.7 Short Blades
 - Level 2.1 Dodging
 + Level 8.9 Stealth


You had 4 spell levels left.
You didn't know any spells.
Your spell library contained the following spells:

 Spells                   Type           Power      Damage    Failure   Level
 Scorch                   Fire           0%         2d5       56%         2
 Flame Wave               Conj/Fire      0%         2d4       99%         4
 Summon Cactus Giant      Summ           0%         N/A       100%        6

Inventory:

Hand Weapons
 a - a +0 short sword {short}
 h - the +7 mace of Doom (weapon) {drain, *Noise rElec rN+, mace}
   (You found it on level 6 of the Dungeon)

   A truly terrible weapon, it drains the life of any living foe it strikes.
   rElec:     It insulates you from electricity.
   rN:        It protects you from negative energy.
   *Noise:    It may make noises in combat.
Armour
 b - a +0 leather armour (worn)
Wands
 g - a wand of digging (3)
Scrolls
 c - a scroll of fog
 d - a scroll of magic mapping {!r}
 e - a scroll of fear
 i - a scroll of amnesia {unknown}
 j - a scroll of noise {unknown}
Potions
 f - a potion of haste {@q3}

Dungeon Overview and Level Annotations

Branches:
Dungeon (7/15)
 Temple: D:4-7

Altars:
Qazlal

...##.####....# , ,
.#..##..##....# ##.# ,
, ..####........####
...
#†.####..............#
* , ##..##........#
...# *,
##....##..####**#...#
##.######.# ##....#
#..# ##.## ##gggg.#
##.## ##...###.@.#*
#..# ##.........##*
...####.........## *
........####.....##. *
##....#####.........#
###..#####...........#
###...##.............#
*
#........##...........
....##..##............


You could see a gnoll sergeant (drained) and 3 gnolls.


Message History

Unknown command.
You hit the bullfrog. The bullfrog barely misses you. The bullfrog hits you.
You closely miss the bullfrog.
The bullfrog hits you but does no damage.
The bullfrog hits you. 😕 HP[-5]
You take 5 damage, and now have 26/33 hp.
You hit the bullfrog. You drain the bullfrog.
The bullfrog hits you but does no damage.
The bullfrog misses you.
The bullfrog hits you but does no damage.
You sock the bullfrog!
You kill the bullfrog!
Your Stealth skill increases to level 8!
You have reached level 4!
You feel stronger. 😕 HP[+6] MP[+1]
You now have 40 max hp (+7).
You regained 6 hp, and now have 32/40 hp.
Your mp is fully restored (4).
A gnoll comes into view. It is wielding a +0 spear of venom.
Found a stone staircase leading up.
A gnoll shaman and a gnoll come into view.
Found a stone staircase leading up.
There is a stone staircase leading up here.
The helpless gnoll fails to defend itself.
You thump the gnoll! The gnoll closely misses you.
You hit the gnoll. You drain the gnoll.
You kill the gnoll!
You climb upwards.
Found 9 gold pieces.
Found a stormy altar of Qazlal.
Found a stone staircase leading up.
There is a stone staircase leading down here.
You now have 22 gold pieces (gained 9).
Found a stone staircase leading up.
You see here a +0 scale mail.
Found a stone staircase leading down.
There is a stone staircase leading down here.
You now have 31 gold pieces (gained 9).
k - a fizzy grey potion A hound comes into view.
It was a potion of invisibility.
You fade into invisibility!
The hound barks!
A hound is nearby!
You flicker for a moment.
Unknown command.
Unknown command.
You closely miss the hound. The hound bites you.
The hound barely misses you. 😕 HP[-1]
You take 1 damage, and now have 31/40 hp.
You hit the hound. The hound bites you. The hound bites you but does no damage.
You barely miss the hound. The hound bites you.
The hound barely misses you. 😮 HP[-3]
You take 3 damage, and now have 28/40 hp.
You hit the hound but do no damage. You drain the hound.
You flicker back into view.
The hound completely misses you. The hound bites you but does no damage.
You hit the hound. You drain the hound.
You kill the hound!
You have reached level 5! 😮 HP[+4] MP[+1]
You now have 46 max hp (+6).
You regained 4 hp, and now have 32/46 hp.
Your mp is fully restored (5).
You see here a hound corpse.
Key pressed, stopping explore.
A gnoll sergeant comes into view. It is wielding a +4 spear of flaming.
A gnoll sergeant is nearby!
A gnoll comes into view. It is wielding a +0 club.
A gnoll comes into view. It is wielding a +0 spear.
The helpless gnoll sergeant fails to defend itself.
You sock the gnoll sergeant!
The gnoll sergeant hits you with a +4 spear of flaming!
The gnoll sergeant burns you.
The gnoll sergeant hits you with a +4 spear of flaming!
* * * LOW HITPOINT WARNING * * *
The gnoll sergeant burns you. 😨 HP[-20]
You take 20 damage, and now have 12/46 hp.
MASSIVE DAMAGE!! (PAUSE)
You barely miss the gnoll sergeant. The gnoll sergeant barely misses you.
You closely miss the gnoll sergeant.
You hear a knock.
The gnoll shouts! x2; You hear a shout!
The gnoll sergeant barely misses you.
A gnoll comes into view. It is wielding a +0 flail.
The gnoll sergeant barely misses you.
The gnoll moves out of view.
Okay, then.
You fail to use your ability.
The gnoll hits you from afar with a +0 spear!
* * * LOW HITPOINT WARNING * * *
The gnoll sergeant hits you with a +4 spear of flaming.
The gnoll sergeant burns you. 😱 HP[-7]
You take 7 damage, and now have 5/46 hp.
You thump the gnoll sergeant! You drain the gnoll sergeant.
Your mace of Doom groans, "That's what you call fighting?"
The gnoll misses you. The gnoll closely misses you.
The gnoll sergeant hits you with a +4 spear of flaming!
You die...

Skill      XL: |  1  2  3 |
---------------+----------+-----
Stealth        | 7 8 |  8.9
Fighting       | |  2.6
Short Blades   | |  1.7
Dodging        | |  2.1

Action                   |  1- 3 |  4- 6 || total
-------------------------+-------+-------++-------
Melee: Short sword       |    15 |       ||    15
       Mace              |     5 |    11 ||    16
 Abil: Heal Wounds       |     1 |       ||     1
  Use: Potion            |       |     1 ||     1
 Stab: Sleeping          |       |     2 ||     2
Armor: Leather armour    |     5 |     2 ||     7
Dodge: Dodged            |    16 |     9 ||    25

Levels and vault maps discovered:
D:5:      layout_layer_cave, mainiacjoe_overflow_alcove_1
D:6:      layout_loops_ring, minmay_temple_entry_tees
D:7:      layout_loops_ring, mainiacjoe_overflow_brackets, grunt_gozag_statues,
          serial_shops, shop, kb_rosetta

Notes
Turn   | Place    | Note
-------+----------+-------------------------------------------
     0 | D:5      | spaghetti the Deep Dwarf Delver began the quest for the
                  | Orb.
     0 | D:5      | Reached XP level 1. HP: 20/20 MP: 1/1
     0 | D:5      | magus.rc [v1.9.6]
    16 | D:5      | Noticed a hound
    35 | D:5      | Killed a hound
    36 | D:5      | Reached skill level 7 in Stealth
    36 | D:5      | Reached XP level 2. HP: 9/27 MP: 2/2
    36 | D:5      | Reached XP level 3. HP: 11/33 MP: 3/3
    61 | D:6      | Identified the +7 mace of Doom {drain, *Noise rElec rN+}
    80 | D:6      | Noticed a bullfrog
    90 | D:7      | You pick up a book of Scorching and begin reading...
    90 | D:7      | You add the spells Scorch, Flame Wave and Summon Cactus
                  | Giant to your library.
   123 | D:7      | Noticed a bullfrog
   123 | D:7      | Noticed a two-headed ogre
   168 | D:6      | Killed a bullfrog
   169 | D:6      | Reached skill level 8 in Stealth
   169 | D:6      | Reached XP level 4. HP: 32/40 MP: 4/4
   188 | D:5      | Found a stormy altar of Qazlal.
   337 | D:5      | Reached XP level 5. HP: 32/46 MP: 5/5
   398 | D:5      | HP: 5/46 [gnoll/+0 spear (7)]
   399 | D:5      | Slain by a gnoll sergeant

Vanquished Creatures
  A bullfrog (D:6)
  2 hounds (D:5)
  A gnoll (D:6)
4 creatures vanquished.

Table legend:
 A = Non-vault XP
 B = Vault XP
 C = Vault XP percentage of total XP
 D = Non-vault monster count
 E = Vault monster count
 F = Vault count percentage of total count
                 A         B        C        D         E       F
            +---------+---------+-------+---------+---------+-------
      Total |     198 |       0 |   0.0 |       4 |       0 |   0.0
            +---------+---------+-------+---------+---------+-------
        D:5 |      87 |       0 |   0.0 |       2 |       0 |   0.0
        D:6 |     111 |       0 |   0.0 |       2 |       0 |   0.0
            +---------+---------+-------+---------+---------+-------

Illustrated notes

Table legend:
 A = Kills in this place as a percentage of kills in entire the game.
 B = Kills by you in this place as a percentage of kills by you in the entire game.
 C = Kills by friends in this place as a percentage of kills by friends in the entire game.
 D = Other kills in this place as a percentage of other kills in the entire game.
 E = Experience gained in this place as a percentage of experience gained in the entire game.
 F = Experience gained in this place divided by the number of levels of this place that you have seen.
                   A       B       C       D       E      F
               +-------+-------+-------+-------+-------+----------------------
         Total | 100.0 | 100.0 |   N/A |   N/A | 100.0 |  66.0
       Dungeon | 100.0 | 100.0 |   N/A |   N/A | 100.0 |  66.0
               +-------+-------+-------+-------+-------+----------------------

Table legend: (Time is in decaauts)
 A = Elapsed time spent in this place.
 B = Non-inter-level travel time spent in this place.
 C = Inter-level travel time spent in this place.
 D = Time resting spent in this place.
 E = Time spent auto-exploring this place.
 F = Levels seen in this place.
 G = Mean time per level.
                   A        B        C        D        E       F      G
               +--------+--------+--------+--------+--------+-----+--------+
         Total |    405 |    381 |     24 |      0 |    255 |   3 |  135.0 |
       Dungeon |    405 |    381 |     24 |      0 |    255 |   3 |  135.0 |
               +--------+--------+--------+--------+--------+-----+--------+

Top non-repeatable levels by time:
     D:5: 270 daAuts
     D:7: 80 daAuts
     D:6: 54 daAuts
